 Dungeon Crawl Stone Soup version 0.22-b1-26-g9dbaab1 (webtiles) character file.

237 taaruk the Skirmisher (level 5, -10/48 HPs)
             Began as a Minotaur Berserker on Aug 6, 2018.
             Was a Believer of Trog.
             Mangled by an iguana (12 damage)
             ... on level 4 of the Dungeon.
             The game lasted 00:11:53 (2316 turns).

taaruk the Skirmisher (Minotaur Berserker)          Turns: 2316, Time: 00:11:54

Health: -10/48     AC:  4    Str: 23    XL:     5   Next: 77%
Magic:  0/4        EV: 12    Int:  4    God:    Trog [**....]
Gold:   146        SH:  0    Dex:  9    Spells: 4/4 levels left

rFire    . . .     SeeInvis .   w - +0 short sword (venom)
rCold    . . .     Gourm    +   (no shield)
rNeg     . . .     Faith    .   n - +0 leather armour
rPois    .         Spirit   +   (helmet restricted)
rElec    .         Reflect  .   D - scarf {Spirit}
rCorr    .         Harm     .   z - +0 pair of gloves
MR       .....                  (no boots)
Stlth    +.........             A - amulet of the gourmand
HPRegen  0.16/turn              (no ring)
MPRegen  0.09/turn              (no ring)

@: berserk cooldown, slowed, very slow
A: retaliatory headbutt, horns 2
a: Berserk, Trog's Hand, Renounce Religion


You were on level 4 of the Dungeon.
You worshipped Trog.
Trog was pleased with you.
You were near starving.

You visited 1 branch of the dungeon, and saw 4 of its levels.

You collected 146 gold pieces.

Inventory:

Hand Weapons
 a - a +0 mace
 m - a +1 dagger of draining
 r - a +0 flail
 u - a cursed -2 blowgun
 w - a +0 short sword of venom (weapon)
 E - a cursed -2 whip
Missiles
 v - 4 poisoned needles
 y - 4 poisoned tomahawks (quivered)
Armour
 n - a +0 leather armour (worn)
 z - a +0 pair of gloves (worn)
 D - a scarf of spirit shield (worn)
Jewellery
 b - a cursed ring of teleportation {unknown}
 e - an uncursed ring of magical power {unknown}
 o - a +4 ring of protection {unknown}
 s - an uncursed ring of stealth {unknown}
 A - an amulet of the gourmand (around neck)
Scrolls
 d - a scroll of enchant armour {unknown}
 i - 3 scrolls of identify
 k - 2 scrolls of remove curse {unknown}
 l - a scroll of enchant weapon {unknown}
 p - 2 scrolls of teleportation {unknown}
 t - a scroll of random uselessness {unknown}
 C - a scroll of amnesia {unknown}
Potions
 f - a potion of lignification {unknown}
 g - 2 potions of curing {unknown}
 h - 3 potions of magic
 j - 2 potions of heal wounds {unknown}
 q - 2 potions of agility {unknown}
 x - a potion of mutation {unknown}
 B - a potion of cancellation {unknown}
Comestibles
 c - 5 rations


   Skills:
 + Level 5.0 Fighting
 + Level 2.3 Short Blades
 + Level 4.8 Maces & Flails
 + Level 3.5 Armour
 + Level 3.2 Dodging
 + Level 1.3 Stealth


You had 4 spell levels left.
You didn't know any spells.
Your spell library was empty.

Dungeon Overview and Level Annotations

Branches:
Dungeon (4/15)
 Temple: D:4-7

Altars:
Qazlal

Annotations:
D:4 Edmund


Innate Abilities, Weirdness & Mutations

You reflexively headbutt those who attack you in melee.
You have a pair of horns on your head.


Message History

The iguana bites you. The howler monkey skeleton hits you.
The iguana closely misses you.
You completely miss the howler monkey skeleton.
The howler monkey skeleton is lightly damaged.
The howler monkey skeleton hits you but does no damage.
The iguana bites you! The howler monkey skeleton hits you.
You hit the howler monkey skeleton but do no damage.
You headbutt the howler monkey skeleton.
The howler monkey skeleton is moderately damaged.
Edmund hits you with a flail of holy wrath.
* * * LOW HITPOINT WARNING * * *
The iguana bites you but does no damage.
The howler monkey skeleton closely misses you.
You furiously retaliate!
You headbutt the howler monkey skeleton.
Edmund hits you with a flail of holy wrath!
* * * LOW HITPOINT WARNING * * *
The howler monkey skeleton closely misses you.
The iguana bites you!
You die...

#######.....#
..........?#
..........##
########
...........
........
.......@
?....... ###
#.#...
........
#.###.#@###
#....
#....a.l@.#
+...)
#....##Z#.#
#....
#.##.##.#...
#.......
#.##a##.#.#.#
#....(..
.......>......
........
##.###...)..
... ........
... .##....
..# ......<.
... .. %...
..# ..!.....


You could see Edmund, an iguana, a worker ant and a howler monkey skeleton.

Vanquished Creatures
  A centaur (D:4)
  An orc priest (D:3)
  An orc wizard (D:3)
  2 adders
  3 worms
  2 dart slugs
  A leopard gecko (D:2)
  4 orcs (D:3)
  5 bats
  5 giant cockroaches
  6 goblins
  7 hobgoblins
  3 jackals (D:3)
  12 kobolds
  A ball python (D:2)
  3 frilled lizards
  3 rats
60 creatures vanquished.

Notes
Turn   | Place    | Note
-------+----------+-------------------------------------------
     0 | D:1      | taaruk the Minotaur Berserker began the quest for the Orb.
     0 | D:1      | Reached XP level 1. HP: 19/19 MP: 0/0
   264 | D:1      | Reached skill level 4 in Fighting
   324 | D:1      | Reached XP level 2. HP: 21/27 MP: 1/1
   881 | D:2      | Reached XP level 3. HP: 28/33 MP: 2/2
  1308 | D:2      | Reached ** piety under Trog
  1850 | D:3      | Noticed an earth elemental
  1856 | D:3      | Reached XP level 4. HP: 36/41 MP: 3/3
  1867 | D:3      | Reached skill level 1 in Stealth
  1881 | D:3      | Reached skill level 1 in Short Blades
  1881 | D:3      | Reached XP level 5. HP: 14/47 MP: 4/4
  1954 | D:3      | Found a stormy altar of Qazlal.
  2122 | D:3      | Noticed a centaur
  2183 | D:3      | Noticed a fire elemental
  2184 | D:3      | Noticed an air elemental
  2184 | D:3      | Noticed a water elemental
  2296 | D:4      | Killed a centaur
  2296 | D:4      | Reached skill level 5 in Fighting
  2311 | D:4      | Noticed Edmund
  2316 | D:4      | HP: 2/48 [Edmund/flail of holy wrath (12)]
  2316 | D:4      | Mangled by an iguana

Skill      XL: |  1  2  3  4  5 |
---------------+----------------+-----
Fighting       | 4 5 |  5.0
Maces & Flails | 4 |  4.8
Armour         | 3 |  3.5
Stealth        | 1 |  1.3
Short Blades   | 1 2 |  2.3
Dodging        | 3 |  3.2

Action                   |  1- 3 |  4- 6 || total
-------------------------+-------+-------++-------
Melee: Mace              |    40 |       ||    40
       Headbutt          |    17 |     8 ||    25
       Dagger            |    46 |    28 ||    74
       Short sword       |       |    11 ||    11
Invok: Trog's Hand       |       |     2 ||     2
       Berserk           |       |     1 ||     1
  Use: Scroll            |     2 |       ||     2
 Stab: Sleeping          |     2 |       ||     2
  Eat: Ration            |     1 |       ||     1
       Chunk             |     1 |       ||     1
Armor: Animal skin       |    13 |       ||    13
       Leather armour    |     8 |    15 ||    23
Dodge: Dodged            |    75 |    46 ||   121
